 Dungeon Crawl Stone Soup version 0.29.1-1-gd02db6906a (webtiles) character file.

Game seed: 5554614456848145852

60441 MisterFreud the Fencer (level 15, -31/127 (134) HPs)
             Began as a Formicid Gladiator on Oct 10, 2022.
             Was the Champion of Yredelemnul.
             Killed from afar by a tengu reaver (40 damage)
             ... with a bolt of lightning
             ... on level 13 of the Dungeon.
             The game lasted 00:40:24 (18953 turns).

MisterFreud the Fencer (Formicid Gladiator)        Turns: 18953, Time: 00:40:34

HP:   -31/127 (134) AC: 17    Str: 25    XL:     15   Next: 38%
MP:   24/24         EV: 13    Int:  8    God:    Yredelemnul [******]
Gold: 1046          SH: 14    Dex: 23    Spells: 14/14 levels left

rFire   + + .      SeeInvis +   a - +5 triple sword (spect)
rCold   . . .      Faith    .   x - +0 kite shield
rNeg    . . .      Spirit   .   N - +1 chain mail {rF+}
rPois   .          Reflect  .   (helmet unavailable)
rElec   .          Harm     .   l - +0 cloak
rCorr   +          Rampage  .   M - +0 pair of gloves
Will    +....                   H - +1 pair of boots of Kasi {rF+ Str+5 Dex+2 SInv}
Stlth   ..........              y - amulet of regeneration
HPRegen 1.11/turn               k - ring of resist corrosion
MPRegen 0.19/turn               P - +4 ring of evasion

@: drained
A: permanent stasis, dig shafts and tunnels, antennae 3, four strong arms
a: Dig, Shaft Self, Renounce Religion, Recall Undead Harvest, Dark Bargain,
Drain Life, Bind Soul


You were on level 13 of the Dungeon.
You worshipped Yredelemnul.
Yredelemnul was pleased with you.
You visited 3 branches of the dungeon, and saw 19 of its levels.

You collected 1466 gold pieces.
You spent 420 gold pieces at shops.

Inventory:

Hand Weapons
 a - a +5 spectral triple sword (weapon)
 b - a +1 dagger of electrocution
Missiles
 c - 2 throwing nets
 d - a javelin
 i - 16 poisoned darts (quivered)
 t - 2 boomerangs
 v - 4 atropa-tipped darts
Armour
 l - a +0 cloak (worn)
 x - a +0 kite shield (worn)
 B - a +0 chain mail of cold resistance
 H - the +1 pair of boots of Kasi (worn) {rF+ Str+5 Dex+2 SInv}
   (You acquired it on level 11 of the Dungeon)

   Str:       It affects your strength (+5).
   Dex:       It affects your dexterity (+2).
   rF:        It protects you from fire.
   SInv:      It lets you see invisible.
 M - a +0 pair of gloves (worn)
 N - a +1 chain mail of fire resistance (worn)
Jewellery
 e - a ring of protection from cold
 k - a ring of resist corrosion (left hand)
 m - the ring of Ignis's Righteous Fury {rC+ rN+ Will+ SInv}
   (You found it on level 4 of the Dungeon)

   [ring of protection from cold]

   rC:        It protects you from cold.
   rN:        It protects you from negative energy.
   SInv:      It lets you see invisible.
   Will:      It increases your willpower.
 y - an amulet of regeneration (around neck)
 G - an amulet of magic regeneration
 O - a ring of protection from fire
 P - a +4 ring of evasion (right hand)
Wands
 u - a wand of paralysis (15)
 D - a wand of flame (44)
 F - a wand of roots (5)
 K - a wand of digging (16)
 R - a wand of polymorph (4)
Scrolls
 h - 3 scrolls of enchant armour
 p - a scroll of poison
 q - a scroll of silence
 s - a scroll of magic mapping
 I - 10 scrolls of identify
 Q - a scroll of fear
 S - a scroll of butterflies
 T - a scroll of brand weapon
Potions
 f - 6 potions of might
 g - 5 potions of flight
 j - 2 potions of cancellation
 n - 2 potions of magic
 o - 4 potions of heal wounds
 r - 3 potions of haste
 w - 2 potions of invisibility
 z - 4 potions of curing
 A - 4 potions of resistance
 C - 2 potions of brilliance
 E - 3 potions of lignification
 J - a potion of mutation
 L - a potion of ambrosia


   Skills:
 + Level 17.1 Fighting
 - Level 18.0 Long Blades
 - Level 3.3 Staves
 - Level 2.0 Throwing
 - Level 10.0 Armour
 - Level 2.6 Dodging
 + Level 12.4 Shields
 - Level 12.0 Invocations


You had 14 spell levels left.
You didn't know any spells.
Your spell library contained the following spells:

 Spells                   Type           Power      Damage    Failure   Level
 Magic Dart               Conj           0%         1d3       98%         1
 Sting                    Tmut/Pois      0%         1d3       98%         1
 Call Imp                 Summ           0%         N/A       99%         2
 Ensorcelled Hibernation  Hex/Ice        0%         N/A       99%         2
 Poisonous Vapours        Pois/Air       0%         N/A       99%         2
 Gell's Gravitas          Tloc           0%         N/A       100%        3
 Ignite Poison            Fire/Tmut/Pois 0%         N/A       100%        3
 Lesser Beckoning         Tloc           0%         N/A       100%        3
 Mephitic Cloud           Conj/Pois/Air  0%         N/A       100%        3
 Ozocubu's Armour         Ice            0%         N/A       100%        3
 Spider Form              Tmut/Pois      0%         N/A       100%        3
 Teleport Other           Tloc           0%         N/A       100%        3
 Anguish                  Hex/Necr       0%         N/A       100%        4
 Olgreb's Toxic Radiance  Pois           0%         N/A       100%        4
 Petrify                  Tmut/Erth      0%         N/A       100%        4
 Summon Ice Beast         Ice/Summ       0%         N/A       100%        4
 Freezing Cloud           Conj/Ice/Air   0%         6-21      100%        5
 Metabolic Englaciation   Hex/Ice        0%         N/A       100%        5
 Summon Mana Viper        Hex/Summ       0%         N/A       100%        5
 Statue Form              Tmut/Erth      0%         N/A       100%        6
 Monstrous Menagerie      Summ           0%         N/A       100%        7
 Ozocubu's Refrigeration  Ice            0%         4d7       100%        7
 Polar Vortex             Ice            0%         N/A       100%        9
 Simulacrum               Ice/Necr       Unusable   N/A       N/A         6

Dungeon Overview and Level Annotations

Branches:
Dungeon (13/15)            Temple (1/1) D:6            Lair (5/5) D:10
  Swamp (0/4) Lair:3       Spider (0/4) Lair:3        Slime (0/5) Lair:4
    Orc (0/2) D:12         Vaults (0/5) D:13

Altars:
Cheibriados
Elyvilon
Gozag
Kikubaaqudgha
Qazlal
Sif Muna
Trog
Uskayaw
Vehumet
Wu Jian
Xom
Yredelemnul
Jiyva

Shops:
D:4 =

Annotations:
D:5 exclusion: moth of wrath
D:7 3 runed translucent doors, t4s4d4r's ghost, novice OpTm
D:10 3 runed translucent doors


Innate Abilities, Weirdness & Mutations

You cannot be hasted, slowed, berserked, paralysed or teleported.
You can dig through walls and to a lower floor.
You have a pair of large antennae on your head. (SInv)
Your four strong arms can wield two-handed weapons with a shield.


Message History

Your stone giant zombie hits the skeletal warrior!
You block the skeletal warrior's attack.
You hit the tengu reaver.
The tengu reaver is moderately wounded.
The tengu reaver points at you and mumbles some strange words.
The bolt of fire hits you! You resist.
The bolt of fire hits your manticore zombie!!
The bolt of fire hits your boggart zombie!!
The bolt of fire hits your boggart zombie!!!
Your boggart zombie is destroyed!
The bolt of fire hits your gnoll zombie!!!
Your gnoll zombie is destroyed!
Your stone giant zombie hits the skeletal warrior.
The skeletal warrior hits you but does no damage.
You chop the tengu reaver into pieces!!!
The tengu reaver is almost dead.
The tengu reaver hits you with a +0 great sword!!
* * * LOW HITPOINT WARNING * * *
You block the tengu reaver's attack.
The tengu reaver claws you but does no damage.
Your stone giant zombie hits the skeletal warrior.
The skeletal warrior hits you from afar with a +0 trident!!
* * * LOW HITPOINT WARNING * * *
You swap places.
The tengu reaver hits your ironbound preserver zombie with a +0 great sword!!
The tengu reaver pecks your ironbound preserver zombie!
The tengu reaver claws your ironbound preserver zombie!
Your ironbound preserver zombie hits the tengu reaver but does no damage.
Unknown command.
Unknown command.
Unknown command.
Unknown command.
Okay, then.
You swap places.
The tengu reaver points at your ironbound preserver zombie and mumbles some strange words.
The bolt of lightning hits your ironbound preserver zombie!!
The bolt of lightning hits your manticore zombie!!!
The bolt of lightning misses you. The bolt of lightning hits you!!!
You die...
Your body rises from the dead as a mindless zombie. ##{ #.# .# ###.# .#{ { #)..# .# Z).# .# { Zz#

.# #####Q# ##
#.#.#Z#Z# .###
###..B#ZZZ# ..(#
{ #.....#ZZ@# ...
.....##ZZ## ..#
.#..##...#
############...##
..#.Z#.{#.....##
.ZZ)ZZZZ{....##
.ZZ#.ZZ#...###
############


You could see a tengu reaver (distracted, ally target), a boulder beetle, a
skeletal warrior, a friendly bound catoblepas, a friendly manticore zombie, a
friendly slime creature zombie, a friendly vampire mosquito zombie, a friendly
boulder beetle zombie, a friendly gnoll zombie, a friendly deep elf pyromancer
zombie, a friendly cyclops zombie, a friendly stone giant zombie and a friendly
ironbound preserver zombie.

Vanquished Creatures
  An ironbound preserver (D:13)
  A stone giant (D:13)
  A rakshasa (D:13)
  A hydra (Lair:3)
  Erolcha (D:12)
  5 boulder beetles
  A catoblepas (D:13)
  3 centaur warriors (D:13)
  2 two-headed ogres
  A tengu warrior (D:13)
  Nergalle (Lair:1)
  2 bog bodies (Lair:3)
  A deep elf pyromancer (D:13)
  3 cyclopes
  4 ugly things
  2 oklob plants
  3 manticores
  A wolf spider (Lair:5)
  A guardian serpent (Lair:5)
  8 elephants
  6 black mambas
  2 torpor snails (Lair:5)
  12 cane toads
  A gargoyle (D:13)
  2 unseen horrors
  3 rime drakes
  2 kobold demonologists
  2 komodo dragons
  6 slime creatures
  2 hornets (Lair:5)
  2 trolls
  6 dream sheep
  6 blink frogs
  A centaur simulacrum (D:13)
  Sigmund (D:6)
  A vampire (D:9)
  25 yaks
  3 wraiths
  2 shadows
  A human (D:12)
  5 basilisks
  8 wyverns
  A steam dragon (D:8)
  Eustachio (D:6)
  4 vampire mosquitoes (D:13)
  2 redbacks (Lair:5)
  An acid dragon (D:11)
  Duvessa (D:5)
  13 water moccasins
  5 orc warriors
  3 black bears
  2 sky beasts
  3 ogres
  3 wolves (Lair:1)
  11 centaurs
  Blork the orc (D:5)
  A kobold brigand (D:7)
  3 gnoll sergeants
  12 bullfrogs
  2 necrophages
  3 scorpions
  Dowan (D:5)
  3 killer bees (D:9)
  5 jellies
  5 hounds
  6 orc priests
  A gnoll bouda (D:8)
  Jessica (D:2)
  An iguana (D:7)
  Natasha (twice) (D:2)
  16 orc wizards
  4 hell rats (Lair:3)
  Robin (D:4)
  16 gnolls
  5 adders
  3 shadow imps (D:7)
  2 white imps
  An ufetubus (D:5)
  2 worms (D:2)
  3 dart slugs
  35 orcs
  11 ball pythons
  17 endoplasms
  5 giant cockroaches
  20 goblins
  6 hobgoblins
  2 jackals (D:2)
  13 kobolds
  5 quokkas
  5 bats
  4 frilled lizards
  12 rats
  A bush (Lair:5)
428 creatures vanquished.

Vanquished Creatures (collateral kills)
  A boulder beetle (D:13)
  2 hydras
  An ogre mage (D:13)
  A wolf spider (Lair:5)
  3 elephants (Lair:4)
  3 black mambas (Lair:5)
  5 cane toads
  A komodo dragon (D:13)
  A troll (D:13)
  5 slime creatures
  5 blink frogs
  4 dream sheep
  3 wyverns (Lair:5)
  9 yaks
  A redback (Lair:5)
  A basilisk (D:13)
  A vampire mosquito (D:13)
  An orc warrior (D:12)
  3 water moccasins
  2 black bears
  6 wolves (Lair:5)
  A boggart (D:13)
  A centaur (D:11)
  A bullfrog (D:10)
  A scorpion (D:10)
  3 howler monkeys
  An orc wizard (D:12)
  2 hell rats (Lair:3)
  2 gnolls
  5 orcs
  2 endoplasms (Lair:1)
  5 bushes (Lair:5)
  A butterfly (Lair:2)
84 creatures vanquished.

Vanquished Creatures (others)
  A spectral rakshasa (D:13)
  A spectral lindwurm (D:13)
  A spectral komodo dragon (Lair:3)
  A spectral cane toad (Lair:5)
  3 black mamba zombies
  A slime creature zombie (D:12)
  An elephant zombie (Lair:5)
  A hornet zombie (Lair:5)
  A blink frog zombie (Lair:5)
  A dream sheep zombie (Lair:5)
  A vampire mosquito zombie (D:13)
  A cyclops zombie (D:12)
  2 wyvern zombies
  4 water moccasin zombies (Lair:5)
  5 yak zombies
  3 wolf zombies
  3 centaur zombies
  A scorpion zombie (D:10)
  A boggart zombie (D:13)
  A killer bee zombie (D:9)
  An acid dragon zombie (D:11)
  2 howler monkey zombies (D:9)
  4 hell rat zombies (Lair:3)
  11 orc zombies
  A spectral white imp (D:8)
  5 gnoll zombies
  A bush (Lair:5)
  84 fungi
  122 plants
265 creatures vanquished.

Grand Total: 777 creatures vanquished

Notes
Turn   | Place    | Note
-------+----------+-------------------------------------------
     0 | D:1      | MisterFreud the Formicid Gladiator began the quest for the
                  | Orb.
     0 | D:1      | Reached XP level 1. HP: 16/16 MP: 1/1
   115 | D:1      | Reached XP level 2. HP: 12/22 MP: 2/2
   117 | D:1      | Reached skill level 1 in Long Blades
   480 | D:1      | Reached XP level 3. HP: 18/27 MP: 3/3
   507 | D:1      | Reached skill level 2 in Long Blades
   617 | D:1      | Found a faded altar of an unknown god.
  1016 | D:2      | Noticed Natasha
  1024 | D:2      | Killed Natasha
  1025 | D:2      | Reached skill level 3 in Long Blades
  1025 | D:2      | Reached XP level 4. HP: 10/33 MP: 4/4
  1542 | D:2      | Noticed Natasha
  1545 | D:2      | Killed Natasha
  1787 | D:2      | Noticed Jessica
  1794 | D:2      | Killed Jessica
  1795 | D:2      | Reached skill level 4 in Long Blades
  1795 | D:2      | Reached XP level 5. HP: 22/38 MP: 5/5
  2873 | D:3      | Reached skill level 5 in Long Blades
  2873 | D:3      | Reached XP level 6. HP: 17/44 MP: 6/6
  3397 | D:4      | Noticed Robin
  4068 | D:4      | Killed Robin
  4184 | D:4      | Identified the ring of Ignis's Righteous Fury {rC+ rN+
                  | Will+ SInv}
  4589 | D:4      | You fall into a shaft and drop 3 floors!
  4868 | D:7      | Reached skill level 6 in Long Blades
  4907 | D:6      | Reached XP level 7. HP: 50/50 MP: 7/7
  4918 | D:6      | Noticed Sigmund
  4923 | D:5      | Entered Level 5 of the Dungeon
  4923 | D:5      | Noticed Duvessa
  4923 | D:5      | Noticed Dowan
  4928 | D:5      | You fall into a shaft and drop 2 floors!
  5086 | D:7      | Reached skill level 7 in Long Blades
  5266 | D:6      | Noticed a troll
  5273 | D:6      | You fall into a shaft and drop 1 floor!
  5483 | D:7      | Noticed a water moccasin
  5492 | D:7      | Killed a water moccasin
  5493 | D:7      | Reached XP level 8. HP: 37/61 MP: 8/8
  5648 | D:6      | Noticed Eustachio
  5673 | D:6      | You fall into a shaft and drop 2 floors!
  6325 | D:6      | Killed Sigmund
  6326 | D:6      | Reached skill level 5 in Fighting
  6326 | D:6      | Reached skill level 8 in Long Blades
  7110 | D:7      | Found a runed translucent gate.
  7110 | D:7      | Found a runed translucent gate.
  7189 | D:6      | Identified a scroll of acquirement
  7189 | D:6      | Acquired a manual of Long Blades
  7213 | D:6      | Killed Eustachio
  7214 | D:6      | Reached skill level 9 in Long Blades
  7214 | D:6      | Reached skill level 1 in Armour
  7270 | D:5      | Reached XP level 9. HP: 64/68 MP: 9/9
  7552 | D:5      | Reached skill level 10 in Long Blades
  7852 | D:4      | Found Duppy's Jewellery Shop.
  8393 | D:5      | Noticed a moth of wrath
  8396 | D:5      | Found a bloodstained altar of Trog.
  8527 | D:5      | Killed Duvessa
  8528 | D:5      | Reached skill level 1 in Shields
  8773 | D:5      | Killed Dowan
  8873 | D:5      | Noticed Blork the orc
  8881 | D:5      | Killed Blork the orc
  9026 | D:4      | Bought an amulet of regeneration for 420 gold pieces
  9072 | D:6      | Killed a troll
  9073 | D:6      | Reached skill level 11 in Long Blades
  9191 | D:6      | Reached skill level 5 in Armour
  9199 | D:6      | Found a staircase to the Ecumenical Temple.
  9223 | Temple   | Entered the Ecumenical Temple
  9235 | Temple   | Became a worshipper of Yredelemnul the Dark
  9577 | D:7      | Found a runed translucent gate.
  9579 | D:7      | Noticed t4s4d4r's ghost (novice OpTm)
  9624 | D:8      | Reached skill level 5 in Shields
  9764 | D:8      | Reached XP level 10. HP: 65/74 MP: 10/10
  9765 | D:8      | Reached * piety under Yredelemnul
  9841 | D:8      | Reached ** piety under Yredelemnul
  9856 | D:8      | Reached *** piety under Yredelemnul
  9944 | D:8      | Reached skill level 12 in Long Blades
 10164 | D:8      | Noticed a two-headed ogre
 10169 | D:8      | Killed a two-headed ogre
 10170 | D:8      | Reached **** piety under Yredelemnul
 10351 | D:8      | Reached skill level 1 in Invocations
 10475 | D:9      | Noticed a six-headed hydra
 10482 | D:9      | You fall into a shaft and drop 1 floor!
 10482 | D:10     | Entered Level 10 of the Dungeon
 10587 | D:10     | Found a runed translucent gate.
 10587 | D:10     | Found a runed translucent gate.
 10611 | D:10     | Found a runed translucent gate.
 10611 | D:10     | Noticed a purple ugly thing
 10745 | D:10     | Reached skill level 13 in Long Blades
 10745 | D:10     | Reached skill level 10 in Shields
 10752 | D:10     | Found a staircase to the Lair.
 10755 | D:10     | Reached XP level 11. HP: 59/79 MP: 13/13
 10760 | D:10     | Reached ***** piety under Yredelemnul
 10782 | D:10     | Reached skill level 5 in Invocations
 10881 | D:10     | Reached skill level 14 in Long Blades
 10892 | D:10     | Noticed a white ugly thing
 10893 | D:10     | Noticed a white ugly thing
 11182 | D:9      | Found an opulent altar of Gozag.
 11182 | D:9      | Found an ancient bone altar of Kikubaaqudgha.
 11190 | D:9      | Found a faded altar of an unknown god.
 11192 | D:9      | Found a faded altar of an unknown god.
 11194 | D:9      | Found a shimmering blue altar of Sif Muna.
 11324 | D:9      | You fall into a shaft and drop 1 floor!
 11384 | D:11     | Found a radiant altar of Vehumet.
 11399 | D:11     | Noticed a cyan ugly thing
 11408 | D:11     | Killed a cyan ugly thing
 11485 | D:11     | Noticed a boulder beetle
 11503 | D:11     | Killed a boulder beetle
 11504 | D:11     | Reached skill level 15 in Long Blades
 11588 | D:11     | Noticed a cyclops
 11596 | D:11     | Killed a cyclops
 11785 | D:11     | Acquired the +1 pair of boots of Kasi {rF+ Str+5 Dex+2
                  | SInv}
 11819 | D:11     | Noticed a manticore
 11826 | D:11     | Killed a manticore
 12128 | D:12     | Reached XP level 12. HP: 83/89 MP: 18/18
 12145 | D:12     | Noticed a seven-headed hydra
 12199 | Lair:1   | Entered Level 1 of the Lair of Beasts
 12323 | Lair:1   | Noticed Nergalle
 12335 | Lair:1   | Killed Nergalle
 12336 | Lair:1   | Reached skill level 16 in Long Blades
 12473 | Lair:1   | Reached ****** piety under Yredelemnul
 13101 | Lair:2   | Found a shimmering blue altar of Sif Muna.
 13106 | Lair:2   | Acquired a manual of Fighting
 13944 | Lair:3   | Found a hole to the Spider Nest.
 13983 | Lair:3   | Noticed a boulder beetle
 13993 | Lair:3   | Killed a boulder beetle
 14061 | Lair:3   | Noticed an eight-headed hydra
 14244 | D:12     | Noticed a boulder beetle
 14261 | D:12     | Killed a boulder beetle
 14262 | D:12     | Reached skill level 10 in Fighting
 14283 | D:12     | Reached XP level 13. HP: 81/103 MP: 20/20
 14900 | Lair:3   | Found a staircase to the Swamp.
 14908 | Lair:3   | Reached skill level 10 in Invocations
 15015 | Lair:3   | Killed an eight-headed hydra
 15137 | Lair:3   | Reached skill level 17 in Long Blades
 15610 | Lair:4   | Noticed a four-headed hydra
 15619 | Lair:4   | Killed a four-headed hydra
 16127 | Lair:4   | Found a viscous altar of Jiyva.
 16127 | Lair:4   | Found a staircase to the Slime Pits.
 16295 | Lair:5   | Entered Level 5 of the Lair of Beasts
 16379 | Lair:5   | Reached XP level 14. HP: 111/114 MP: 21/23
 16606 | Lair:5   | Identified the +3 longbow "Ykeguumy" {speed, rElec rCorr}
 16671 | Lair:5   | Reached skill level 18 in Long Blades
 16746 | Lair:5   | Reached skill level 10 in Armour
 17615 | D:12     | Noticed Erolcha
 17624 | D:12     | Killed Erolcha
 17817 | D:12     | Found a staircase to the Orcish Mines.
 18001 | D:13     | Reached skill level 15 in Fighting
 18312 | D:13     | Reached XP level 15. HP: 129/129 MP: 24/24
 18525 | D:13     | Found a gate to the Vaults.
 18525 | D:13     | Noticed an ironbound preserver
 18531 | D:13     | Killed an ironbound preserver
 18932 | D:13     | Noticed a tengu reaver
 18932 | D:13     | Noticed a stone giant
 18947 | D:13     | Killed a stone giant
 18953 | D:13     | Killed from afar by a tengu reaver

Illustrated notes

Levels and vault maps discovered:
D:1:      minmay_arrival_jagged, layout_rooms, chequers_ecumenical_altar_grove,
          minmay_misc_feat_five
D:2:      minmay_chambers_of_ones, layout_loops_ring, kennysheep_cross_room,
          dreamdust_wishing_well, kennysheep_donut, uniq_jessica, uniq_natasha
D:3:      layout_basic, nrook_mini_vaults
D:4:      layout_cave_pools, serial_shops, shop_fountains,
          hangedman_abyss_or_decor_lesser_grid, uniq_robin
D:5:      layout_rooms, tgw_trog, uniq_blork_the_orc, uniq_duvessa
D:6:      layout_loops_ring, temple_fountains, uniq_eustachio, uniq_sigmund
D:7:      layout_basic, ebering_ghost_rock_garden
D:8:      wander_river, layout_basic
D:9:      layout_cave_pools, chequers_temple_overflow_minitemple, minivault_20
D:10:     layout_rooms, due_lair_maze_entry_diamond,
          ploomutoo_gammafunk_ghost_potion_laboratory
D:11:     layout_loops_cross, vehumet_altar_wand_db
D:12:     layout_cave_pools, erik_orc_4, uniq_erolcha
D:13:     minmay_tile_spiral, layout_basic, skrybe_vaults_entry_preservation,
          grunt_ministairs_9
Temple:   compressed_dpeg_circular_temple
Lair:1:   lemuel_slime, layout_loops_ring, uniq_nergalle
Lair:2:   layout_regular_city, basic_altar, lemuel_fruit_fields
Lair:3:   layout_loops_ring, skrybe_swamp_entry_bodies, dummy_spider_entry,
          serial_bayou_shore_b
Lair:4:   layout_misc_corridors, dpeg_slime_entry_enclosed, grunt_megastairs_4
Lair:5:   hangedman_lair_tendril_chambers, layout_loops_ring,
          minmay_lair_oklob_bushes

Skill      XL: |  1  2  3  4  5  6  7  8  9 10 11 12 13 14 15 |
---------------+----------------------------------------------+-----
Long Blades    | 1 3 4 5 6 7 9 11 13 15 16 17 18 | 18.0
Fighting       | 4 5 6 10 11 15 17 | 17.1
Armour         | 2 5 6 10 | 10.0
Shields        | 5 10 12 | 12.4
Invocations    | 3 8 9 12 | 12.0
Staves         | |  3.3
Throwing       | |  2.0
Dodging        | |  2.6

Action                   |  1- 3 |  4- 6 |  7- 9 | 10-12 | 13-15 || total
-------------------------+-------+-------+-------+-------+-------++-------
Melee: Quarterstaff      |     9 |       |       |       |       ||     9
       Triple sword      |    50 |   167 |   213 |   342 |   314 ||  1086
       Punch             |       |     1 |     4 |       |       ||     5
       Dagger            |       |       |       |       |    20 ||    20
Throw: Throwing net      |       |     1 |       |       |       ||     1
       Dart              |       |       |     9 |     7 |       ||    16
       Javelin           |       |       |     1 |       |       ||     1
       Boomerang         |       |       |       |       |     2 ||     2
Invok: Bind Soul         |       |       |       |     4 |     4 ||     8
       Recall Undead Har |       |       |       |     4 |     2 ||     6
 Abil: Shaft Self        |       |     1 |     3 |     2 |       ||     6
       Dig               |       |     1 |       |       |     3 ||     4
  Use: Scroll            |     2 |    10 |     3 |    14 |     3 ||    32
       Potion            |       |     5 |     2 |       |       ||     7
 Stab: Sleeping          |       |     1 |     1 |       |       ||     2
       Distracted        |       |       |     1 |     4 |     4 ||     9
       Petrified         |       |       |       |       |     4 ||     4
Armor: Leather armour    |    17 |    48 |    85 |       |       ||   150
       Chain mail        |       |       |    23 |   141 |    92 ||   256
Dodge: Dodged            |    48 |   138 |   208 |    87 |   122 ||   603
Block: Kite shield       |       |       |    53 |   229 |   199 ||   481
